 Dungeon Crawl Stone Soup version 0.30-a0-1075-gcd70e7a56d (webtiles) character file.

Game seed: 6796179093820296388

108 xian the Trooper (level 4, 0/44 (49) HPs)
             Began as an Ogre Fighter on Apr 14, 2023.
             Slain by a hell rat (4 damage)
             ... in a sewer.
             The game lasted 00:05:27 (2355 turns).

xian the Trooper (Ogre Fighter)                     Turns: 2355, Time: 00:05:28

HP:   0/44 (49)     AC:  3    Str: 22    XL:     4   Next: 87%
MP:   4/4           EV:  8    Int:  9    God:
Gold: 122           SH:  7    Dex:  8    Spells: 3/3 levels left

rFire   . . .      SeeInvis .    a - +0 war axe
rCold   . . .      Faith    .    c - +0 kite shield
rNeg    . . .      Spirit   .    b - +0 robe
rPois   .          Reflect  .    (helmet restricted)
rElec   .          Rampage  .    (no cloak)
rCorr   .                        (gloves unavailable)
Will    .....                    (boots unavailable)
Stlth   +                        q - amulet of magic regeneration
HPRegen 0.27/turn                (no ring)
MPRegen 0.49/turn                (no ring)

@: heavily drained
A: large, unfitting armour, tough skin 1
a: no special abilities


You were in a sewer.
You visited 1 branch of the dungeon, and saw 3 of its levels.
You also visited: Sewer.

You collected 177 gold pieces.
You spent 55 gold pieces at shops.

Inventory:

Hand Weapons
 a - a +0 war axe (weapon)
Missiles
 e - 23 stones (quivered)
Armour
 b - a +0 robe (worn)
 c - a +0 kite shield (worn)
Jewellery
 q - an amulet of magic regeneration (around neck)
Scrolls
 j - a scroll of fear
 l - a scroll of identify
 m - a scroll of immolation
 n - a scroll of teleportation
 o - a scroll of fog
Potions
 d - 2 potions of might
 f - 2 potions of mutation {unknown}
 g - 2 potions of attraction {unknown}
 h - 3 potions of degeneration {unknown}
 i - a potion of invisibility {unknown}
 k - 2 potions of heal wounds {unknown}
 p - a potion of haste {unknown}
 r - a potion of ambrosia


   Skills:
 + Level 4.6 Fighting
 + Level 3.5 Axes
 + Level 3.0 Dodging
 + Level 0.1 Stealth
 + Level 3.7 Shields


You had 3 spell levels left.
You didn't know any spells.
Your spell library was empty.

Dungeon Overview and Level Annotations

Branches:
Dungeon (3/15)              Sewer (1/1)

Altars:

Shops:
D:1 *


Innate Abilities, Weirdness & Mutations

You are too large for most types of armour.
You have tough skin. (AC +1)


Message History

The river rat is heavily wounded.
The river rat bites you.
You hit the river rat.
The river rat is almost dead.
The river rat bites you but does no damage.
You block the river rat's attack.
You hit the river rat.
You kill the river rat!
Unknown command.
You enter the shallow water.
You enter the shallow water.
You enter the shallow water.
You enter the shallow water.
You enter the shallow water.
You enter the shallow water.
As you open the door, it creaks loudly!
A hell rat comes into view.
The hell rat roars deafeningly!
Found four items.
Found a gate leading back out of this place.
Found three items.
You throw a stone.
The stone hits the hell rat but does no damage.
You throw a stone.
The stone hits the hell rat but does no damage.
The hell rat bites you!
You barely miss the hell rat. The hell rat bites you.
You feel drained. The hell rat bites you!
You feel drained.
You slash the hell rat!
The hell rat is severely wounded.
The hell rat bites you.
You barely miss the hell rat.
The hell rat is severely wounded.
You block the hell rat's attack. The hell rat completely misses you.
You hit the hell rat but do no damage.
The hell rat is severely wounded.
You block the hell rat's attack. The hell rat bites you!
* * * LOW HITPOINT WARNING * * *
You feel drained.
You die...

###~~.###
#~~.~.~.#
##~~~†.~~##
#~~.###...#
##~~##.##†~##
#.~~#~~.#~~~#
#~.##?.~##~.#
#~.#$!~~.#~~#
#∩∩#∩?~~~r@.#
#~.#??~~~#~.#
#.~##?~~##†.#
#..~#~. #~~.#
##.~## ##~.##
#~.~###.~~#
##~~.~~.~##
#~~....~#
###..~###


You could see a hell rat.

Vanquished Creatures
  2 river rats (Sewer)
  4 adders
  3 dart slugs
  4 endoplasms
  3 giant cockroaches
  2 goblins (D:2)
  3 hobgoblins
  3 quokkas
  4 ball pythons
  4 bats
  6 frilled lizards
  5 kobolds
  11 rats
54 creatures vanquished.

Notes
Turn   | Place    | Note
-------+----------+-------------------------------------------
     0 | D:1      | xian the Ogre Fighter began the quest for the Orb.
     0 | D:1      | Reached XP level 1. HP: 24/24 MP: 1/1
   236 | D:1      | Reached XP level 2. HP: 32/32 MP: 2/2
   258 | D:1      | Found Pevotre's Assorted Antiques.
  1034 | D:1      | Bought a fuming dark potion for 26 gold pieces
  1034 | D:1      | Bought a scroll labelled JUEGGANUAS for 29 gold pieces
  1072 | D:2      | Reached XP level 3. HP: 38/40 MP: 3/3
  1525 | D:2      | Found a faded altar of an unknown god.
  1689 | D:2      | Reached XP level 4. HP: 49/49 MP: 4/4
  2161 | D:3      | Found a glowing drain.
  2172 | Sewer    | Entered a sewer
  2355 | Sewer    | Slain by a hell rat

Illustrated notes

Levels and vault maps discovered:
D:1:      lightli_arrival_chessboard, layout_basic, serial_shops,
          nicolae_shop_stone, hangedman_decor_diamond_cutter,
          hangedman_abyss_or_decor_stabs, st_stairs_5
D:2:      layout_basic, basic_ecumenical_altar
D:3:      layout_loops_ring, nicolae_overflow_squiral, portal_sewer_entry_c
Sewer:    sewer_hellmonk_bad_rat

Skill      XL: |  1  2  3  4 |
---------------+-------------+-----
Axes           | 3 |  3.5
Dodging        | 3 |  3.0
Fighting       | |  4.6
Stealth        | |  0.1
Shields        | |  3.7

Action                     |  1- 3 |  4- 6 || total
---------------------------+-------+-------++-------
  Melee: War axe           |   102 |    71 ||   173
  Throw: Stone             |       |     2 ||     2
    Use: Scroll            |       |     5 ||     5
 Armour: Robe              |    28 |    16 ||    44
  Dodge: Dodged            |    41 |    21 ||    62
  Block: Kite shield       |    46 |    36 ||    82

Table legend: (Time is in decaauts)
 A = Elapsed time spent in this place.
 B = Non-inter-level travel time spent in this place.
 C = Inter-level travel time spent in this place.
 D = Time resting spent in this place.
 E = Time spent auto-exploring this place.
 F = Levels seen in this place.
 G = Mean time per level.
                   A        B        C        D        E       F      G
               +--------+--------+--------+--------+--------+-----+--------+
         Total |   2441 |   2367 |     74 |      0 |   1662 |   4 |  610.2 |
       Dungeon |   2242 |   2168 |     74 |      0 |   1538 |   3 |  747.3 |
         Sewer |    198 |    198 |      0 |      0 |    124 |   1 |  198.0 |
               +--------+--------+--------+--------+--------+-----+--------+

Top non-repeatable levels by time:
     D:1: 1080 daAuts
     D:2: 954 daAuts
     D:3: 207 daAuts
   Sewer: 198 daAuts
